 Dungeon Crawl Stone Soup version 0.29.1-12-g30fa7ad0bf (webtiles) character file.

Game seed: 13749436691860027968

124 soggyman666 the Ducker (level 5, 0/47 HPs)
             Began as a Gnoll Monk on Dec 12, 2022.
             Slain by Duvessa
             ... wielding a +0 short sword
              (3 damage)
             ... on level 4 of the Dungeon.
             The game lasted 00:06:50 (2789 turns).

soggyman666 the Ducker (Gnoll Monk)                 Turns: 2789, Time: 00:06:51

Health: 0/47       AC:  6    Str: 12    XL:     5   Next: 8%
Magic:  7/7        EV: 13    Int: 10    God:
Gold:   211        SH:  0    Dex: 14    Spells: 6/6 levels left

rFire   . . .      SeeInvis .   k - +1 dagger (venom)
rCold   . . .      Faith    .   (no shield)
rNeg    . . .      Spirit   .   e - +0 ring mail
rPois   .          Reflect  .   n - +0 helmet
rElec   .          Harm     .   (no cloak)
rCorr   .          Rampage  .   (no gloves)
Will    ++...                   (no boots)
Stlth   ++........              (no amulet)
HPRegen 0.15/turn               d - ring of willpower
MPRegen 0.10/turn               f - ring of willpower

@: no status effects
A: fangs 1, strong nose, distributed training
a: no special abilities


You were on level 4 of the Dungeon.
You visited 1 branch of the dungeon, and saw 4 of its levels.

You collected 211 gold pieces.

Inventory:

Hand Weapons
 a - a +3 dagger
 i - a +1 hand axe of flaming
 k - a +1 dagger of venom (weapon)
Missiles
 h - 7 boomerangs
 l - 4 poisoned darts (quivered)
Armour
 e - a +0 ring mail (worn)
 n - a +0 helmet (worn)
Jewellery
 d - a ring of willpower (left hand)
 f - a ring of willpower (right hand)
 o - a +6 ring of strength
Scrolls
 g - 2 scrolls of enchant weapon
Potions
 b - 2 potions of curing
 c - 2 potions of heal wounds {unknown}
 j - 2 potions of flight {unknown}
 m - a potion of brilliance {unknown}


   Skills:
 + Level 6.6 Fighting
 + Level 1.4 Short Blades
 + Level 1.4 Long Blades
 + Level 6.6 Axes
 + Level 1.4 Maces & Flails
 + Level 1.4 Polearms
 + Level 1.4 Staves
 + Level 1.4 Ranged Weapons
 + Level 1.4 Throwing
 + Level 1.4 Armour
 + Level 6.6 Dodging
 + Level 4.3 Stealth
 + Level 1.4 Shields
 + Level 1.4 Unarmed Combat
 + Level 1.4 Spellcasting
 + Level 1.1 Conjurations
 + Level 1.1 Hexes
 + Level 1.1 Summonings
 + Level 1.1 Necromancy
 + Level 1.1 Translocations
 + Level 1.1 Transmutations
 + Level 1.1 Fire Magic
 + Level 1.1 Ice Magic
 + Level 1.1 Air Magic
 + Level 1.1 Earth Magic
 + Level 1.1 Poison Magic
 + Level 1.5 Invocations
 + Level 1.4 Evocations


You had 6 spell levels left.
You didn't know any spells.
Your spell library contained the following spells:

 Spells                   Type           Power      Damage    Failure   Level
 Poisonous Vapours        Pois/Air       4%         N/A       56%         2
 Corpse Rot               Necr/Pois/Air  2%         N/A       99%         4


Dungeon Overview and Level Annotations

Branches:
Dungeon (4/15)
 Temple: D:4-7

Altars:
Qazlal

Annotations:
D:4 Dowan, Duvessa


Innate Abilities, Weirdness & Mutations

You have very sharp teeth.
Your uncanny sense of smell can sniff out nearby items.
Your experience applies equally to all skills.


Message History

Dowan misses you. Duvessa barely misses you.
You hit Dowan.
Dowan is poisoned.
You bite Dowan, but do no damage.
Dowan is lightly wounded.
Dowan casts a spell at you. The puff of frost misses you.
Duvessa hits you with a +0 short sword!
You closely miss Dowan.
Dowan is lightly wounded.
Dowan casts a spell at you. The puff of frost hits you.
Duvessa hits you but does no damage.
You closely miss Dowan.
Dowan is lightly wounded.
Dowan casts a spell at you. The puff of flame hits you!
Duvessa says, "I don't care about looks, I care about technique!"
Duvessa hits you with a +0 short sword.
You barely miss Dowan.
Dowan is lightly wounded.
Dowan hits you with a +2 dagger of protection.
Duvessa hits you with a +0 short sword.
* * * LOW HITPOINT WARNING * * *
You closely miss Duvessa.
Duvessa is heavily wounded.
Dowan hits you with a +2 dagger of protection.
* * * LOW HITPOINT WARNING * * *
Duvessa hits you but does no damage.
Okay, then.
Okay, then.
It was a potion of curing.
You feel better.
Dowan says, "Magic and the sword, together, will defeat you."
Dowan hits you with a +2 dagger of protection.
* * * LOW HITPOINT WARNING * * *
Duvessa completely misses you.
You hit Duvessa but do no damage.
Duvessa looks as sick as possible!
Duvessa is severely wounded.
Dowan says, "My weaknesses are her strengths!"
Dowan gestures at you while chanting. The puff of frost hits you!
* * * LOW HITPOINT WARNING * * *
Duvessa hits you with a +0 short sword.
You die...

### ########### #
#..... #......#
#.#.#.##.###......#
#.......e..+......#
#.#.#.####@.....#
##.#......ee.....#
.....##.####......#
#####..##.#.........#
#.......#.#.#.......#
#.##........#.......#
#.##..)...#.#.#######
##.##.................
#.....†(.#.#..........


You could see Duvessa (extremely poisoned) and Dowan (very poisoned).

Vanquished Creatures
  A hound (D:4)
  A gnoll (D:1)
  An adder (D:3)
  2 dart slugs (D:1)
  An orc (D:3)
  5 ball pythons
  10 endoplasms
  3 giant cockroaches
  4 hobgoblins
  12 jackals
  4 kobolds
  2 quokkas (D:1)
  3 bats
  3 frilled lizards
  9 goblins
  4 rats
65 creatures vanquished.

Notes
Turn   | Place    | Note
-------+----------+-------------------------------------------
     0 | D:1      | soggyman666 the Gnoll Monk began the quest for the Orb.
     0 | D:1      | Reached XP level 1. HP: 23/23 MP: 1/1
    89 | D:1      | Found a faded altar of an unknown god.
   111 | D:1      | Reached XP level 2. HP: 19/29 MP: 2/2
   294 | D:1      | Reached XP level 3. HP: 12/35 MP: 3/3
   597 | D:1      | Reached skill level 1 in Invocations
  1175 | D:2      | Reached skill level 1 in Short Blades
  1175 | D:2      | Reached skill level 1 in Long Blades
  1175 | D:2      | Reached skill level 1 in Maces & Flails
  1175 | D:2      | Reached skill level 1 in Polearms
  1175 | D:2      | Reached skill level 1 in Staves
  1175 | D:2      | Reached skill level 1 in Ranged Weapons
  1175 | D:2      | Reached skill level 1 in Throwing
  1175 | D:2      | Reached skill level 1 in Armour
  1175 | D:2      | Reached skill level 1 in Shields
  1175 | D:2      | Reached skill level 1 in Unarmed Combat
  1175 | D:2      | Reached skill level 1 in Spellcasting
  1175 | D:2      | Reached skill level 1 in Evocations
  1328 | D:2      | Reached XP level 4. HP: 24/41 MP: 5/5
  2283 | D:3      | Reached skill level 1 in Conjurations
  2283 | D:3      | Reached skill level 1 in Hexes
  2283 | D:3      | Reached skill level 1 in Summonings
  2283 | D:3      | Reached skill level 1 in Necromancy
  2283 | D:3      | Reached skill level 1 in Translocations
  2283 | D:3      | Reached skill level 1 in Transmutations
  2283 | D:3      | Reached skill level 1 in Fire Magic
  2283 | D:3      | Reached skill level 1 in Ice Magic
  2283 | D:3      | Reached skill level 1 in Air Magic
  2283 | D:3      | Reached skill level 1 in Earth Magic
  2283 | D:3      | Reached skill level 1 in Poison Magic
  2369 | D:3      | Found a stormy altar of Qazlal.
  2712 | D:4      | Reached XP level 5. HP: 47/47 MP: 5/7
  2762 | D:4      | Noticed Duvessa
  2770 | D:4      | Noticed Dowan
  2789 | D:4      | Slain by Duvessa

Illustrated notes

Levels and vault maps discovered:
D:1:      scummos_arrival_simple_fountains, layout_basic,
          hellmonk_ecumenical_altar_heavens_door
D:2:      layout_loops_ring
D:3:      layout_rooms, mainiacjoe_overflow_six_doors_small, st_stairs_9
D:4:      layout_basic, bloody_makhleb, uniq_eustachio, uniq_duvessa, uniq_pikel

Skill      XL: |  1  2  3  4 |
---------------+-------------+-----
Invocations    | 1 |  1.5
Short Blades   | 1 |  1.4
Long Blades    | 1 |  1.4
Maces & Flails | 1 |  1.4
Polearms       | 1 |  1.4
Staves         | 1 |  1.4
Ranged Weapons | 1 |  1.4
Throwing       | 1 |  1.4
Armour         | 1 |  1.4
Shields        | 1 |  1.4
Unarmed Combat | 1 |  1.4
Spellcasting   | 1 |  1.4
Evocations     | 1 |  1.4
Conjurations   | 1 |  1.1
Hexes          | 1 |  1.1
Summonings     | 1 |  1.1
Necromancy     | 1 |  1.1
Translocations | 1 |  1.1
Transmutations | 1 |  1.1
Fire Magic     | 1 |  1.1
Ice Magic      | 1 |  1.1
Air Magic      | 1 |  1.1
Earth Magic    | 1 |  1.1
Poison Magic   | 1 |  1.1
Fighting       | |  6.6
Axes           | |  6.6
Dodging        | |  6.6
Stealth        | |  4.3

Action                   |  1- 3 |  4- 6 || total
-------------------------+-------+-------++-------
Melee: Hand axe          |   108 |    35 ||   143
       Bite              |    10 |     7 ||    17
       Dagger            |       |    39 ||    39
Throw: Boomerang         |       |     5 ||     5
  Use: Scroll            |       |     4 ||     4
       Potion            |       |     1 ||     1
 Stab: Sleeping          |     6 |     2 ||     8
Armor: Robe              |     3 |       ||     3
       Ring mail         |    21 |    29 ||    50
Dodge: Dodged            |    78 |    51 ||   129
